 Dungeon Crawl Stone Soup version 0.16-a0-1377-g5fe55b6 (webtiles) character file.

172 keaton the Skirmisher (level 5, 15/46 HPs)
             Began as a Draconian Transmuter on Oct 20, 2014.
             Was an Initiate of Vehumet.
             Quit the game on level 4 of the Dungeon.
             The game lasted 00:27:35 (2782 turns).

keaton the Skirmisher (Draconian Transmuter)        Turns: 2782, Time: 00:27:35

Health: 15/46      AC:  7    Str: 13    XL:     5   Next: 27%
Magic:  9/9        EV: 13    Int: 14    God:    Vehumet [......]
Gold:   110        SH:  0    Dex: 11    Spells: 3 memorised, 2 levels left

rFire  . . .     SeeInvis .       - Unarmed
rCold  . . .     Clarity  .     (armour unavailable)
rNeg   . . .     SustAb   +     (no shield)
rPois  .         Gourm    .     (helmet restricted)
rElec  .         Spirit   .     j - +1 cloak
rCorr  .         Warding  .     (no gloves)
rMut   .         Stasis   .     (no boots)
MR     +....                    (no amulet)
Stlth  +.........               h - ring of protection from magic
                                e - ring of sustain abilities

@: mildly poisoned, appendage (expiring), somewhat resistant to hostile
enchantments, very unstealthy
A: unfitting armour, horns 2, cold-blooded, AC +5
a: End Transformation, Renounce Religion


You were on level 4 of the Dungeon.
You worshipped Vehumet.
Vehumet was noncommittal.
You were not hungry.
You had grown temporary horns.
You visited 2 branches of the dungeon, and saw 5 of its levels.

You collected 110 gold pieces.

Inventory:

Missiles
 a - 4 javelins of returning (quivered)
 b - 65 arrows
Armour
 f - a +1 cloak
 j - a +1 cloak (worn)
Jewellery
 e - a ring of sustain abilities (left hand)
 g - a cursed ring of teleportation {unknown}
 h - a ring of protection from magic (right hand)
Scrolls
 c - a scroll of identify {unknown}
 n - a scroll of recharging {unknown}
Potions
 i - a potion of curing {unknown}
Books
 d - a book of Changes

   Spells                             Type                      Level
   *Beastly Appendage                 Transmutation                1
   *Sticks to Snakes                  Transmutation                2
   *Spider Form                       Transmutation/Poison         3
   Ice Form                           Ice/Transmutation            4
   Blade Hands                        Transmutation                5
Comestibles
 k - 4 fruits
 l - 2 meat rations
 m - a bread ration


   Skills:
 * Level 3.7 Fighting
 + Level 0.1 Throwing
 - Level 3.1 Dodging
 * Level 1.3 Stealth
 * Level 3.6 Unarmed Combat
 - Level 2.0 Spellcasting
 - Level 2.0 Transmutations


You had 2 spell levels left.
You knew the following spells:

 Your Spells              Type           Power        Failure   Level  Hunger
a - Beastly Appendage     Trmt           #.....       12%         1    ##.....
b - Sticks to Snakes      Trmt           #.........   17%         2    ###....
c - Spider Form           Trmt/Pois      #.........   47%         3    ####...


Dungeon Overview and Level Annotations

Branches:
Dungeon (4/15)             Temple (1/1) D:4

Altars:
Ashenzari
Dithmenos
Elyvilon
Gozag
Kikubaaqudgha
Ru
Sif Muna
Trog
Vehumet
Xom
Yredelemnul
Zin


Innate Abilities, Weirdness & Mutations

Your plain brown scales are hard (AC +5).
Your body does not fit into most forms of armour.
Your cold-blooded metabolism reacts poorly to cold.
You have a pair of horns on your head.


Message History

The kobold hits you but does no damage.
You closely miss the worker ant.
The worker ant is heavily wounded.
The bat hits you but does no damage. The bat closely misses you.
The worker ant barely misses you. The phantom barely misses you.
The goblin barely misses you.
You barely miss the worker ant. Your headbutt misses the worker ant.
The worker ant is heavily wounded.
The bat hits you but does no damage. The worker ant closely misses you.
The kobold hits you with a short sword.
The phantom hits you but does no damage.
The goblin barely misses you. The worker ant misses you.
You closely miss the worker ant.
The worker ant is heavily wounded.
The iguana barely misses you. The kobold hits you but does no damage.
The phantom hits you but does no damage.
The worker ant bites you!
You are poisoned.
The worker ant poisons you! The goblin barely misses you.
Are you sure you want to abandon this character and quit the game? (Confirm with "yes".)

).#.........###<..(.
...............).(...
....#..⌠...⌠..#....#.#
#....#.........#.##a#.#
#.....?...>......#§.#.#
#....#.........###.....
#....#..⌠...⌠..##....#.
#....KWg..........#..##
###..#@lb......####.##
## ##a##.##.## #..
.....##..# ....
.....#..... ....
.>###..##.# ..#.. .#.
.## .. # .. # . .


You could see a phantom, an iguana, a worker ant, a goblin, a bat and a kobold.

Vanquished Creatures
  Terence (D:2)
  8 adders
  5 worms (D:2)
  A giant mite (D:2)
  2 orcs
  3 bats
  5 giant cockroaches
  3 hobgoblins
  4 jackals (D:3)
  3 quokkas (D:2)
  5 giant newts
  7 goblins
  5 kobolds
  2 rats (D:2)
54 creatures vanquished.

Vanquished Creatures (collateral kills)
  A kobold (D:4)
1 creature vanquished.

Grand Total: 55 creatures vanquished

Notes
Turn   | Place    | Note
--------------------------------------------------------------
     0 | D:1      | keaton, the Draconian Transmuter, began the quest for the Orb.
     0 | D:1      | Reached XP level 1. HP: 16/16 MP: 3/3
   163 | D:1      | Reached XP level 2. HP: 24/24 MP: 2/4
   329 | D:2      | Reached XP level 3. HP: 13/30 MP: 4/6
   728 | D:2      | Noticed Terence
   758 | D:2      | Killed Terence
   758 | D:2      | Reached XP level 4. HP: 12/37 MP: 5/7
   988 | D:2      | Learned a level 2 spell: Sticks to Snakes
   992 | D:2      | Learned a level 3 spell: Spider Form
  1165 | D:2      | Found a white marble altar of Elyvilon.
  1276 | D:2      | Became a worshipper of Elyvilon the Healer
  1334 | D:2      | Reached skill level 1 in Stealth
  2013 | D:3      | Reached XP level 5. HP: 34/45 MP: 9/9
  2601 | D:4      | Noticed a phantom
  2607 | D:4      | Fell from the grace of Elyvilon
  2620 | D:4      | Found a staircase to the Ecumenical Temple.
  2641 | Temple   | Entered the Ecumenical Temple
  2756 | Temple   | Became a worshipper of Vehumet
  2782 | D:4      | Quit the game

Action                   |  1- 3 |  4- 6 || total
-------------------------+-------+-------++-------
Melee: Unarmed           |   130 |   218 ||   348
Throw: Stone             |       |    39 ||    39
       Javelin           |       |     5 ||     5
 Cast: Beastly Appendage |     9 |    15 ||    24
       Sticks to Snakes  |       |     4 ||     4
Invok: Lesser Healing    |       |     1 ||     1
       Renounce Religion |       |     1 ||     1
  Use: Scroll            |     1 |       ||     1
  Eat: Bread ration      |     1 |       ||     1
       Meat ration       |       |     1 ||     1
